 Dungeon Crawl Stone Soup version 0.32-a0-871-ge202e49faa (webtiles) character file.

Game seed: 11444337349439999151

182 DEFE the Chopper (level 5, -2/41 HPs)
             Began as a Coglin Fighter on Mar 29, 2024.
             Slain by Grinder (3 damage)
             ... while paralysed by Grinder
             ... on level 4 of the Dungeon.
             The game lasted 00:01:41 (2166 turns).

DEFE the Chopper (Coglin Fighter)                   Turns: 2166, Time: 00:01:41

Health: -2/41      AC:  0    Str: 31    XL:     5   Next: 62%
Magic:  5/5        EV:  2    Int:  7    God:
Gold:   4          SH:  0    Dex: 13    Spells: 4/4 levels left

rFire   . . .        a - +0 war axe {Dongyul}
rCold   . . .        i - +10 dagger of Fragile Peace {speed, rElec Will- Str+6 Int+2}
rNeg    . . .        j - +2 scale mail of Fuunut {*Corrode rElec Str+6 Int-2}
rPois   .            (no helmet)
rElec   +            (no cloak)
rCorr   .            (no gloves)
SInv    .            (no boots)
Will    .....        (amulet unavailable) Stlth
                     (ring unavailable)
HPRegen 0.26/turn    (ring unavailable)
MPRegen 0.09/turn    (no gizmo)

%: corrode self (3%)
@: paralysed, corroded, revved
A: off-hand wielding, slow wielding, warmup strikes, no jewellery
a: Invent Gizmo


You were on level 4 of the Dungeon.
You visited 1 branch of the dungeon, and saw 4 of its levels.

You collected 106 gold pieces.
You spent 102 gold pieces at shops.

Inventory:

Hand Weapons
 a - a +0 war axe (weapon) {Dongyul}
 i - the +10 dagger of Fragile Peace (offhand) {speed, rElec Will- Str+6 Int+2}
   (You found it on level 2 of the Dungeon)

   Str+6:     It affects your strength (+6).
   Int+2:     It affects your intelligence (+2).
   rElec:     It insulates you from electricity.
   Will-:     It decreases your willpower.
Armour
 b - a +0 scale mail
 c - a +0 buckler
 j - the +2 scale mail of Fuunut (worn) {*Corrode rElec Str+6 Int-2}
   (You found it on level 2 of the Dungeon)

   Str+6:     It affects your strength (+6).
   Int-2:     It affects your intelligence (-2).
   rElec:     It insulates you from electricity.
   *Corrode:  It may corrode you when you take damage.
Wands
 o - a wand of digging (1)
Scrolls
 e - a scroll of enchant armour {unknown}
 g - a scroll of blinking {unknown}
 k - 2 scrolls of identify {unknown}
 l - a scroll of amnesia {unknown}
Potions
 d - 4 potions of might
 f - a potion of magic {unknown}
 h - 2 potions of curing {unknown}
 m - 2 potions of cancellation {unknown}
 n - a potion of attraction {unknown}
 p - a potion of haste {unknown}
 q - a potion of invisibility


   Skills:
 - Level 3.0 Fighting
 + Level 5.6 Axes
 - Level 2.6 Armour
 - Level 2.1 Shields


You had 4 spell levels left.
You didn't know any spells.
Your spell library was empty.

Dungeon Overview and Level Annotations

Branches:
Dungeon (4/15)
 Temple: D:4-7

Altars:
Hepliaklqana
Okawaru
Xom

Shops:
D:1 !   D:3 *

Annotations:
D:4 Grinder


Innate Abilities, Weirdness & Mutations

You can wield a second weapon in your off-hand.
It takes a long time for you to wield or remove held weapons.
Your first few attacks do less damage.
You cannot equip rings or amulets.


Message History

Grinder is lightly wounded.
You slash Grinder with your +0 war axe! Grinder closely misses you.
Unknown command.
You hit Grinder but do no damage.
Grinder is moderately wounded.
You slash Grinder with your +0 war axe! Grinder hits you.
You writhe in agony.
Your corrosive artefact corrodes you!
You closely miss Grinder with the +10 dagger of Fragile Peace.
Grinder is severely wounded.
You closely miss Grinder with your +0 war axe.
Grinder hits you!
You writhe in agony.
You are too injured to fight recklessly!
Unknown command.
You hit Grinder but do no damage.
Grinder is severely wounded.
You barely miss Grinder with the +10 dagger of Fragile Peace.
Grinder rolls her eyes.
Grinder hits you but does no damage.
You are too injured to fight recklessly!
Unknown command.
You completely miss Grinder with your +0 war axe.
Grinder is severely wounded.
You hit Grinder with the +10 dagger of Fragile Peace.
Grinder hits you.
* * * LOW HITPOINT WARNING * * *
Your corrosive artefact corrodes you!
You writhe in agony.
* * * LOW HITPOINT WARNING * * *
Unknown command.
You are too injured to fight recklessly!
Unknown command.
You hit Grinder with the +10 dagger of Fragile Peace.
Grinder is almost dead.
You barely miss Grinder with your +0 war axe.
Grinder gestures at you.
You suddenly lose the ability to move!
Grinder hits you!
* * * LOW HITPOINT WARNING * * *
You writhe in agony.
You die...
Grinder sighs, "Dead already?
I want a refund."

#....#
#....#
#....#
#....#
#....#
#...[#
#..5.#
#..@.######
#..........
#..$.######
#..†.......
#>.........
#..########
#..# #...
....


You could see Grinder.

Vanquished Creatures
  A bombardier beetle (D:3)
  3 gnolls (D:2)
  5 adders
  A dart slug (D:1)
  4 orcs (D:3)
  10 ball pythons
  8 endoplasms
  2 giant cockroaches
  8 goblins
  9 hobgoblins
  2 quokkas
  2 bats
  4 frilled lizards
  3 kobolds
  11 rats
73 creatures vanquished.

Notes
Turn   | Place    | Note
-------+----------+-------------------------------------------
     0 | D:1      | DEFE the Coglin Fighter began the quest for the Orb.
     0 | D:1      | Reached XP level 1. HP: 18/18 MP: 1/1
   141 | D:1      | Reached XP level 2. HP: 24/24 MP: 2/2
   270 | D:1      | Reached skill level 3 in Axes
   428 | D:1      | Found Nerchuno's Distillery.
   436 | D:1      | Bought a potion of degeneration for 14 gold pieces
   484 | D:1      | Reached XP level 3. HP: 26/29 MP: 3/3
   750 | D:2      | Identified the +10 dagger of Fragile Peace {speed, rElec
                  | Will- Str+6 Int+2}
   759 | D:2      | Identified the +2 scale mail of Fuunut {*Corrode rElec
                  | Str+6 Int-2}
   960 | D:2      | Reached skill level 4 in Axes
   991 | D:2      | Reached XP level 4. HP: 29/35 MP: 4/4
  1465 | D:3      | Found a faded altar of an unknown god.
  1555 | D:3      | Reached skill level 5 in Axes
  1558 | D:3      | Found a hazy altar of Hepliaklqana.
  1638 | D:3      | Reached XP level 5. HP: 41/41 MP: 5/5
  1725 | D:3      | Found an iron altar of Okawaru.
  1789 | D:3      | Found Fuatzuaqu's General Store.
  1795 | D:3      | Bought a potion of invisibility for 88 gold pieces
  2097 | D:3      | Found a shimmering altar of Xom.
  2146 | D:4      | Noticed Grinder
  2151 | D:4      | Paralysed by Grinder for 4 turns
  2165 | D:4      | Paralysed by Grinder for 2 turns
  2166 | D:4      | HP: 1/41 [Grinder (9)]
  2166 | D:4      | Slain by Grinder

Illustrated notes

Levels and vault maps discovered:
D:1:      dpeg_arrival_prison, layout_loops_cross, serial_shops, shop
D:2:      layout_loops_cross
D:3:      layout_loops_ring, nicolae_hepliaklqana_hazy_memory,
          nicolae_overflow_ecumenical_swirl, nicolae_overflow_hidden_temple,
          serial_shops, shop
D:4:      layout_basic, minmay_temple_entry_fiery, portal_sewer_entry_e,
          uniq_blork_the_orc, uniq_robin, uniq_grinder, uniq_menkaure,
          uniq_duvessa

Skill      XL: |  1  2  3  4 |
---------------+-------------+-----
Axes           | 3 4 5 |  5.6
Fighting       | |  3.0
Armour         | |  2.6
Shields        | |  2.1

Action                     |  1- 3 |  4- 6 || total
---------------------------+-------+-------++-------
  Melee: War axe           |    70 |    47 ||   117
         Dagger            |    12 |    50 ||    62
 Armour: Scale mail        |    35 |    36 ||    71
  Dodge: Dodged            |    30 |    22 ||    52
  Block: Buckler           |    10 |       ||    10

Table legend: (Time is in decaauts)
 A = Elapsed time spent in this place.
 B = Non-inter-level travel time spent in this place.
 C = Inter-level travel time spent in this place.
 D = Time resting spent in this place.
 E = Time spent auto-exploring this place.
 F = Levels seen in this place.
 G = Mean time per level.
                   A        B        C        D        E       F      G
               +--------+--------+--------+--------+--------+-----+--------+
         Total |   2185 |   2085 |    100 |      0 |   1708 |   4 |  546.2 |
       Dungeon |   2185 |   2085 |    100 |      0 |   1708 |   4 |  546.2 |
               +--------+--------+--------+--------+--------+-----+--------+

Top non-repeatable levels by time:
     D:1: 747 daAuts
     D:3: 723 daAuts
     D:2: 695 daAuts
     D:4: 19 daAuts
